 Dungeon Crawl Stone Soup version 0.31-a0-940-gdaa99269f9 (webtiles) character file.

Game seed: 13864773092385451652

32 avis the Ducker (level 3, 17/17 HPs)
             Began as a Felid Fighter on Oct 20, 2023.
             Got out of the dungeon alive.
             The game lasted 00:05:45 (715 turns).

avis the Ducker (Felid Fighter)                      Turns: 715, Time: 00:05:45

Health: 17/17      AC:  1    Str: 12    XL:     3   Next: 8%
Magic:  4/4        EV: 19    Int:  9    God:
Gold:   34         SH:  0    Dex: 17    Spells: 2/2 levels left
                                        Lives:  1   Deaths: 0

rFire   . .          .
                       - Unarmed
rCold   . . .        (shield unavailable)
rNeg    . . .        (body armour unavailable)
rPois   .            (helmet unavailable)
rElec   .            (cloak unavailable)
rCorr   .            (gloves unavailable)
SInv    +            (boots unavailable)
Will    +....        (no amulet)
Stlth   ++           c - ring of willpower
HPRegen 0.22/turn    (no ring)
MPRegen 0.09/turn

%: no passive effects
@: quick
A: very small, claws 1, fangs 3, see invisible, speed 1, shaggy fur 1, stealthy
paws, no weapons or thrown items, no armour, multi-lived
a: no special abilities


You escaped.
You visited 1 branch of the dungeon, and saw 1 of its levels.

You collected 34 gold pieces.

Inventory:

Jewellery
 c - a ring of willpower (left paw)
Scrolls
 b - 2 scrolls of identify {unknown}
 d - 3 scrolls of amnesia {unknown}
 e - a scroll of brand weapon {unknown}
 f - a scroll of vulnerability {unknown}
Potions
 a - a potion of might


   Skills:
 + Level 3.3 Fighting
 * Level 4.8 Dodging
 + Level 4.3 Unarmed Combat


You had 2 spell levels left.
You didn't know any spells.
Your spell library was empty.

Dungeon Overview and Level Annotations

Branches:
Dungeon (1/15)

Altars:


Innate Abilities, Weirdness & Mutations

You have sharp claws.
You have razor-sharp teeth.
You have supernaturally acute eyesight. (SInv)
You cover ground quickly. (Speed+)
You are covered in fur. (AC +1)
Your paws help you pounce on unaware monsters.
You are incapable of wielding weapons or throwing items.
You cannot wear armour.
You gain extra lives every three experience levels.


Message History

A giant cockroach comes into view.
The giant cockroach bites you.
You barely miss the giant cockroach. The giant cockroach misses you.
You claw the giant cockroach!
You kill the giant cockroach!
A goblin comes into view. It is wielding a +0 dagger.
The goblin closely misses you.
You scratch the goblin.
You kill the goblin!
You have reached level 3!
Your experience leads to an increase in your attributes!
Increase (S)trength, (I)ntelligence, or (D)exterity?
You feel agile. x2
You open the door.
Found a scroll labelled SIGOECK MIBEW.
There is an open door here.
A ball python comes into view.
The ball python hisses angrily.
You see here a scroll labelled SIGOECK MIBEW.
You closely miss the ball python. The ball python misses you.
The ball python grabs you. The ball python constricts you.
You scratch the ball python.
You kill the ball python!
f - a scroll labelled SIGOECK MIBEW
Found a rapier.
A bat comes into view.
You see here a +0 rapier.
The bat hits you.
You scratch the bat.
You kill the bat!
A frilled lizard comes into view.
Unknown command.
A frilled lizard is nearby!
You claw the frilled lizard!
You kill the frilled lizard!
You see here a frilled lizard corpse.
You see here a +0 rapier.
You see here a staff of fire.
There is a staircase leading out of the dungeon here.
You have escaped!

##......#########....############
#..†####.#...#.###.##..#
#...####...#.#...#..#.##
#.....######.###.##.#..#
#...#...#....#....#.##.#
#...##....##.#..#......#
#...##..###..#..########
#...#####...###.#...#..# #######
###.# ##.#....@....#.## #......
#.# #..#...#.###...####...... #.#
########..#..###......... #.#
#......#..#.##....#...... #.#
#.##.#^...#....#..#...... #.#
#..#.##.###.#######......
#.#####.#..#...#.#...# #......
#....#..##.###.#...#.# #......
####.####...########## #......


There were no monsters in sight!

Vanquished Creatures
  A dart slug (D:1)
  3 ball pythons (D:1)
  An endoplasm (D:1)
  A giant cockroach (D:1)
  4 goblins (D:1)
  3 hobgoblins (D:1)
  2 kobolds (D:1)
  A quokka (D:1)
  6 bats (D:1)
  3 frilled lizards (D:1)
  A rat (D:1)
26 creatures vanquished.

Notes
Turn   | Place    | Note
-------+----------+-------------------------------------------
     0 | D:1      | avis the Felid Fighter began the quest for the Orb.
     0 | D:1      | Reached XP level 1. HP: 10/10 MP: 2/2
   137 | D:1      | Reached XP level 2. HP: 12/14 MP: 3/3
   597 | D:1      | Reached XP level 3. HP: 17/17 MP: 4/4
   715 | D:$      | Got out of the dungeon alive.

Illustrated notes

Levels and vault maps discovered:
D:1:      psy_arrival_radial01, layout_basic

Action                     || total
---------------------------++-------
  Melee: Unarmed           ||    66
         Bite              ||     2
         Punch             ||     1
   Stab: Sleeping          ||     1
 Armour: Skin              ||    12
  Dodge: Dodged            ||    58

Table legend: (Time is in decaauts)
 A = Elapsed time spent in this place.
 B = Non-inter-level travel time spent in this place.
 C = Inter-level travel time spent in this place.
 D = Time resting spent in this place.
 E = Time spent auto-exploring this place.
 F = Levels seen in this place.
 G = Mean time per level.
                   A        B        C        D        E       F      G
               +--------+--------+--------+--------+--------+-----+--------+
         Total |    588 |    539 |     49 |     10 |    381 |   1 |  588.0 |
       Dungeon |    588 |    539 |     49 |     10 |    381 |   1 |  588.0 |
               +--------+--------+--------+--------+--------+-----+--------+

Top non-repeatable levels by time:
     D:1: 588 daAuts
